Match 43621540
Unlisted

Match 43621540
End
Construct Section Command Post
Vickers Machine Gun Team
Dingo Light Scout Car
Infantry Section
Infantry Section
Selects Canadian Shock Battlegroup
Selects Attacking Spirit
Construct Platoon Command Post
Selects Canadian Shock Section
Canadian Shock Section
Selects Incendiary Munitions
Construct Company Command Post
波菜
我真的不是驴
JT
GAGE
Nuts
b1ackie360
nas-WER
nre_nuker
0
0

Comments sign in to comment!

No comments posted yet!